Map: Aire du défenseur EC

Players

zidar

  • Race: Zerg Zerg
  • League: Gold
  • Spawn Location: 7:00

Valett - Winner!

  • Race: Terran Terran
  • League: Platinum
  • Spawn Location: 1:00

VOD

Have the link to the VOD?

Description

Time

  • Played on: July 9, 2017, 2:50 p.m.
  • Length: 6:56
Show
View Real Time Build Order
Export as new Build Order

zidar Zerg 

Build Orders: Pool First 

Get SALT Encoding   

  12  0:02  Drone  
  13  0:12  Overlord  
  13  0:16  Drone  
  14  0:31  Drone x2  
  14  0:34  Drone  
  17  0:47  Spawning Pool  
  17  0:49  Drone  
  17  1:12  Hatchery  
  17  1:13  Drone  
  17  1:17  Extractor  
  16  1:19  Drone  
  17  1:33  Queen  
  17  1:37  Zergling x4  
  21  1:52  Overlord  
  21  2:10  Queen  
  23  2:17  Drone x2  
  25  2:43  Roach Warren, Metabolic Boost  
  24  2:45  Queen  
  24  2:47  Extractor  
  24  2:48  Drone x3  
  24  2:49  Drone  
  28  3:02  Overlord  
  28  3:04  Zergling x2  
  28  3:05  Zergling x2  
  30  3:08  Zergling x2  
  31  3:24  Spine Crawler  
  30  3:32  Overlord  
  30  3:36  Roach x3  
  36  3:52  Roach x3  
  36  3:55  Overlord  
  42  4:15  Pneumatized Carapace  
  42  4:24  Lair  
  42  4:38  Hatchery  
  41  4:45  Drone x3  
  44  4:53  Overlord  
  44  5:22  Drone x8  
  47  5:57  Ravager  
  47  5:58  Ravager  
  49  6:04  Overlord  
  49  6:15  Ravager  
Show
View Real Time Build Order
Export as new Build Order

Valett Terran - Winner!

Build Orders: Liberator Opening 

Get SALT Encoding   

  12  0:01  SCV  
  13  0:17  SCV  
  13  0:18  Supply Depot  
  14  0:28  Refinery  
  14  0:41  Barracks  
  14  0:45  SCV  
  15  0:57  SCV  
  16  1:09  SCV  
  17  1:33  Command Center  
  17  1:35  Barracks Reactor  
  17  1:42  Supply Depot  
  17  1:57  Factory  
  17  1:59  SCV  
  18  2:13  Orbital Command  
  18  2:21  Marine x2  
  19  2:44  Starport  
  19  3:06  Barracks Reactor  
  19  3:10  Orbital Command  
  23  3:15  Widow Mine x2  
  23  3:16  Bunker  
  23  3:26  Refinery  
  23  3:41  Liberator  
  23  3:54  SCV x2  
  28  4:05  Hellion x2  
  28  4:07  Marine x2  
  34  4:15  Supply Depot  
  34  4:17  SCV x2  
  34  4:23  Liberator  
  36  4:26  Hellion x2  
  36  4:28  Marine  
  36  4:29  Marine  
  42  4:38  SCV x2  
  44  4:41  Supply Depot  
  47  4:59  Hellion x2  
  51  5:00  Marine x2  
  51  5:02  SCV  
  51  5:03  SCV  
  55  5:09  Supply Depot  
  51  5:59  Starport Tech Lab  
  51  6:01  Hellion  
  53  6:05  SCV x2  
  53  6:06  Armory  
Tags
 
Add a new tag
Caveats
  • Supply blocks, unpowered buildings, or Contaminate may cause inaccurate times.
  • Supply counts are checked every 10 seconds.